 Dungeon Crawl Stone Soup version 0.30-a0-360-g447f08457e (webtiles) character file.

Game seed: 10150067204525349988

95 Bnni the Shield-Bearer (level 4, -7/37 HPs)
             Began as a Formicid Fighter on Nov 13, 2022.
             Mangled by a mummy (16 damage)
             ... in an ossuary.
             The game lasted 00:02:52 (1442 turns).

Bnni the Shield-Bearer (Formicid Fighter)           Turns: 1442, Time: 00:02:53

Health: -7/37      AC:  6    Str: 22    XL:     4   Next: 97%
Magic:  4/4        EV:  9    Int:  8    God:
Gold:   105        SH:  5    Dex: 13    Spells: 3/3 levels left

rFire   . . .      SeeInvis +    a - +0 trident
rCold   . . .      Faith    .    c - +0 buckler
rNeg    . . .      Spirit   .    b - +0 scale mail
rPois   .          Reflect  .    (helmet unavailable)
rElec   .          Harm     .    (no cloak)
rCorr   .          Rampage  .    (no gloves)
Will    .....                    (no boots)
Stlth   ..........               k - amulet of regeneration
HPRegen 1.06/turn                (no ring)
MPRegen 0.09/turn                (no ring)

@: marked
A: permanent stasis, dig shafts and tunnels, antennae 3, four strong arms
a: Dig


You were in an ossuary.
You visited 1 branch of the dungeon, and saw 3 of its levels.
You also visited: Ossuary.

You collected 105 gold pieces.

Inventory:

Hand Weapons
 a - a +0 trident (weapon)
Armour
 b - a +0 scale mail (worn)
 c - a +0 buckler (worn)
Jewellery
 k - an amulet of regeneration (around neck)
Scrolls
 e - 8 scrolls of identify {unknown}
 g - a scroll of silence {unknown}
 j - a scroll of immolation {unknown}
 n - a scroll of enchant weapon {unknown}
Potions
 d - 2 potions of might
 f - a potion of magic {unknown}
 h - a potion of ambrosia {unknown}
 i - 2 potions of flight {unknown}
 l - a potion of cancellation {unknown}
 m - a potion of attraction {unknown}
 o - a potion of heal wounds {unknown}


   Skills:
 + Level 4.0 Fighting
 * Level 3.6 Polearms
 - Level 3.2 Armour
 - Level 5.0 Shields


You had 3 spell levels left.
You didn't know any spells.
Your spell library contained the following spells:

 Spells                   Type           Power      Damage    Failure   Level
 Momentum Strike          Conj/Tloc      0%         3d8       91%         2
 Call Canine Familiar     Summ           0%         N/A       99%         3
 Ignite Poison            Fire/Tmut/Pois 0%         N/A       99%         3
 Kindle Blastsparks       Fire/Tloc/Air  0%         2d10      99%         3
 Lesser Beckoning         Tloc           0%         N/A       99%         3
 Portal Projectile        Hex/Tloc       0%         N/A       99%         3
 Tukima's Dance           Hex            0%         N/A       99%         3
 Leda's Liquefaction      Hex/Erth       0%         N/A       100%        4
 Passage of Golubria      Tloc           0%         N/A       100%        4
 Freezing Cloud           Conj/Ice/Air   0%         6-21      100%        5
 Yara's Violent Unravell  Hex/Tmut       0%         3d3       100%        5
 Blink                    Tloc           Unusable   N/A       N/A         2

Dungeon Overview and Level Annotations

Branches:
Dungeon (4/15)            Ossuary (1/1)
 Temple: D:4-7

Altars:

Shops:
D:1 :


Innate Abilities, Weirdness & Mutations

You cannot be hasted, slowed, berserked, paralysed or teleported.
You can dig through walls and to a lower floor.
You have a pair of large antennae on your head. (SInv)
Your four strong arms can wield two-handed weapons with a shield.


Message History

A centaur zombie comes into view.
A hobgoblin zombie comes into view.
The hobgoblin zombie hits you but does no damage.
You barely miss the hobgoblin zombie.
The hobgoblin zombie is almost destroyed.
You block the hobgoblin zombie's attack.
An orc zombie comes into view.
The hobgoblin zombie completely misses you.
You puncture the hobgoblin zombie!
You destroy the hobgoblin zombie!
The hobgoblin zombie hits you but does no damage.
You closely miss the goblin zombie. The goblin zombie closely misses you.
The mummy hits you but does no damage. You block the centaur zombie's attack.
The centaur zombie kicks you but does no damage.
You hit the goblin zombie.
The goblin zombie is heavily damaged.
The centaur zombie barely misses you.
The centaur zombie kicks you but does no damage.
You block the goblin zombie's attack. The mummy hits you.
You completely miss the goblin zombie.
The goblin zombie is heavily damaged.
The centaur zombie hits you but does no damage.
The centaur zombie barely misses you.
The goblin zombie hits you but does no damage.
You block the centaur zombie's attack. The centaur zombie closely misses you.
The hobgoblin zombie hits you but does no damage.
You barely miss the goblin zombie.
The goblin zombie is heavily damaged.
The mummy closely misses you.
The centaur zombie hits you but does no damage.
The centaur zombie kicks you but does no damage.
The mummy hits you!
The goblin zombie hits you but does no damage.
The hobgoblin zombie barely misses you.
You hit the goblin zombie.
The goblin zombie is almost destroyed.
The centaur zombie hits you. You block the centaur zombie's attack.
The mummy hits you!
* * * LOW HITPOINT WARNING * * *
The mummy hits you!
You die...

#...##############...#
#...#{{{#...# {{ #...#
#...#{{{#...# #...#
#...####+.... #...#
#...#.....∩.# #...#
#...#.......# #...#
#...#.....ZZ# #...#
#...#....ZZM####.#...#
#...#....ZM@ZZZ..#...#
#...#.####Z^####.#...#
#...# #..# #...# #...#
#^.# #...#
#...######^.######...#
#....................#
#........8..8........#
#....................#
#....................#


You could see 2 mummies, an adder zombie, a goblin zombie, 2 hobgoblin zombies,
a kobold zombie, 2 orc zombies, a centaur zombie and a human zombie.

Vanquished Creatures
  A gnoll (D:1)
  4 adders
  A dart slug (D:2)
  6 ball pythons
  A giant cockroach (D:4)
  5 goblins
  2 hobgoblins
  3 quokkas
  A bat (D:1)
  8 hobgoblin zombies (Ossuary)
  A jackal zombie (Ossuary)
  4 kobolds
  7 kobold zombies (Ossuary)
  6 orc zombies (Ossuary)
  4 rats
54 creatures vanquished.

Notes
Turn   | Place    | Note
-------+----------+-------------------------------------------
     0 | D:1      | Bnni the Formicid Fighter began the quest for the Orb.
     0 | D:1      | Reached XP level 1. HP: 18/18 MP: 1/1
    28 | D:1      | Reached XP level 2. HP: 24/24 MP: 2/2
    84 | D:1      | Found Dasonn's Vocational Training.
   614 | D:1      | Reached XP level 3. HP: 29/29 MP: 3/3
  1018 | D:2      | You fall into a shaft and drop 2 floors!
  1072 | D:4      | Reached skill level 5 in Shields
  1072 | D:4      | Reached XP level 4. HP: 37/37 MP: 4/4
  1280 | D:4      | Found a sand-covered staircase.
  1290 | Ossuary  | Entered an ossuary
  1442 | Ossuary  | Mangled by a mummy

Illustrated notes

Levels and vault maps discovered:
D:1:      dpeg_arrival_rooms_a, layout_basic, nicolae_shop_vocational
D:2:      kennysheep_six_static_rooms, layout_basic
D:4:      layout_cave_pools, mainiacjoe_overflow_two_lobes,
          nicolae_ossuary_entry_monument
Ossuary:  ossuary_tomb_1

Skill      XL: |  1  2  3  4 |
---------------+-------------+-----
Polearms       | 3 |  3.6
Shields        | 5 |  5.0
Fighting       | 4 |  4.0
Armour         | |  3.2

Action                   |  1- 3 |  4- 6 || total
-------------------------+-------+-------++-------
Melee: Trident           |    72 |   130 ||   202
Armor: Scale mail        |    17 |    78 ||    95
Dodge: Dodged            |    31 |    52 ||    83
Block: Buckler           |    10 |    32 ||    42

Table legend: (Time is in decaauts)
 A = Elapsed time spent in this place.
 B = Non-inter-level travel time spent in this place.
 C = Inter-level travel time spent in this place.
 D = Time resting spent in this place.
 E = Time spent auto-exploring this place.
 F = Levels seen in this place.
 G = Mean time per level.
                   A        B        C        D        E       F      G
               +--------+--------+--------+--------+--------+-----+--------+
         Total |   1476 |   1414 |     62 |     25 |    825 |   4 |  369.0 |
       Dungeon |   1311 |   1249 |     62 |     25 |    811 |   3 |  437.0 |
       Ossuary |    164 |    164 |      0 |      0 |     14 |   1 |  164.0 |
               +--------+--------+--------+--------+--------+-----+--------+

Top non-repeatable levels by time:
     D:1: 740 daAuts
     D:2: 287 daAuts
     D:4: 282 daAuts
 Ossuary: 164 daAuts
